 Dungeon Crawl Stone Soup version 0.21.0-37-g46506fa5f3 (webtiles) character file.

56 Jhinris the Chiller (level 3, -1/24 HPs)
             Began as a Vampire Ice Elementalist on Jan 31, 2018.
             Slain by an adder (3 damage)
             ... on level 2 of the Dungeon.
             The game lasted 00:03:36 (2015 turns).

Jhinris the Chiller (Vampire Ice Elementalist)      Turns: 2015, Time: 00:03:37

Health: -1/24      AC:  2    Str:  7    XL:     3   Next: 69%
Magic:  0/7        EV: 13    Int: 18    God:
Gold:   115        SH:  0    Dex: 14    Spells: 1/7 levels left

rFire    . . .     SeeInvis +   g - +0 dagger
rCold    + . .     Gourm    .   (no shield)
rNeg     + + .     Faith    .   a - +0 robe
rPois    +         Spirit   .   (no helmet)
rElec    .         Reflect  .   (no cloak)
rCorr    .         Harm     .   (no gloves)
MR       .....                  (no boots)
Stlth    +++.......             (no amulet)
HPRegen  0.04/turn              (no ring)
MPRegen  0.10/turn              (no ring)

@: lethally poisoned (-1 -> -10), regenerating slowly, invisible
A: fangs 3, see invisible, unbreathing
a: Bat Form


You were on level 2 of the Dungeon.
You were very thirsty.

You visited 1 branch of the dungeon, and saw 2 of its levels.

You collected 115 gold pieces.

Inventory:

Hand Weapons
 g - a +0 dagger (weapon)
Missiles
 d - 138 stones (quivered)
Armour
 a - a +0 robe (worn)
Scrolls
 f - a scroll of immolation {unknown}
 h - 2 scrolls of enchant weapon {unknown}
 j - 2 scrolls of identify {unknown}
 k - 3 scrolls of teleportation {unknown}
 l - a scroll of remove curse {unknown}
 n - a scroll of noise {unknown}
Potions
 c - 12 potions of blood
 i - a potion of heal wounds {unknown}
Books
 b - a book of Frost

   Spells                             Type                      Level
   a - Freeze                         Ice                          1
   b - Throw Frost                    Conjuration/Ice              2
   c - Ozocubu's Armour               Charms/Ice                   3
   d - Throw Icicle                   Conjuration/Ice              4
   e - Summon Ice Beast               Ice/Summoning                4


   Skills:
 + Level 2.5 Dodging
 + Level 3.6 Stealth
 + Level 2.7 Spellcasting
 * Level 0.8 Conjurations
 * Level 3.7 Ice Magic


You had one spell level left.
You knew the following spells:

 Your Spells              Type           Power        Failure   Level  Hunger
a - Freeze                Ice            ###.         3%          1    #......
b - Throw Frost           Conj/Ice       ##....       10%         2    ##.....
c - Ozocubu's Armour      Chrm/Ice       #.......     24%         3    ###....


Dungeon Overview and Level Annotations

Branches:
Dungeon (2/15)

Altars:


Innate Abilities, Weirdness & Mutations

You heal slowly.
You have razor-sharp teeth.
You have supernaturally acute eyesight. (SInv)
You can survive without breathing.


Message History

Casting: Freeze
Confirm with . or Enter, or press ? or * to list all spells.
Aiming: Freeze
Press: ? - help, Shift-Dir - straight line, f - adder
Aim: an adder (lightly wounded)
You freeze the adder.
The adder is moderately wounded.
The adder closely misses you.
You hit the adder but do no damage.
The adder is moderately wounded.
The adder bites you.
* * * LOW HITPOINT WARNING * * *
You are lethally poisoned!
The adder poisons you! The adder bites you but does no damage.
Okay, then.
It was a potion of invisibility.
You fade into invisibility!
* * * LOW HITPOINT WARNING * * *
You feel sick. The adder bites you.
You die...

#. #.#####.# ...... #.#
#.......# #..... . ##..######
.....g #.# #..## ## ..#...##
###.###..######. ........
..............#.
......###.......#.####...
#.#).g##.##.####..# ##.#
######..#.wS@.##.#####.####.#
.##.....#.#..##............##.#
............#####...####.#.##.#
............####....# #.#.....
............##....#.# #.###.##
.......รท.......##...# ##.###.#
..........)...#....## #......#
..........#.....#.## #..>...#
.........)#.#.###.# #..%...#


You could see an adder, a dart slug and a goblin.

Vanquished Creatures
  An adder (D:2)
  A worm (D:2)
  A leopard gecko (D:1)
  2 giant cockroaches (D:2)
  8 goblins
  10 hobgoblins
  4 kobolds
  2 quokkas (D:2)
  3 bats
  2 frilled lizards (D:1)
  6 rats
40 creatures vanquished.

Notes
Turn   | Place    | Note
-------+----------+-------------------------------------------
     0 | D:1      | Jhinris the Vampire Ice Elementalist began the quest for the Orb.
     0 | D:1      | Reached XP level 1. HP: 13/13 MP: 3/3
   348 | D:1      | Reached XP level 2. HP: 17/19 MP: 1/5
  1355 | D:2      | Reached XP level 3. HP: 24/24 MP: 6/6
  1386 | D:2      | Learned a level 2 spell: Throw Frost
  1390 | D:2      | Learned a level 3 spell: Ozocubu's Armour
  2015 | D:2      | Slain by an adder

Action                   || total
-------------------------++-------
Melee: Mace              ||    10
       Dagger            ||    49
       Bite              ||     2
Throw: Stone             ||     2
 Cast: Freeze            ||    33
 Abil: End Transformatio ||     1
       Bat Form          ||     1
  Use: Potion            ||     2
 Stab: Sleeping          ||     9
Armor: Robe              ||    21
Dodge: Dodged            ||    57
